 Dungeon Crawl Stone Soup version 0.30.1-11-g7821555f0a (webtiles) character file.

Game seed: 12550557256127418415

324 KittyFluff the Cudgeller (level 6, -8/57 HPs)
             Began as a Gargoyle Berserker on Nov 1, 2023.
             Was a Priest of Trog.
             Mangled by Edmund
             ... wielding a +3 flail of protection
              (12 damage)
             ... on level 4 of the Dungeon.
             The game lasted 00:11:07 (3316 turns).

KittyFluff the Cudgeller (Gargoyle Berserker)       Turns: 3316, Time: 00:11:07

Health: -8/57      AC:  9    Str: 24    XL:     6   Next: 48%
Magic:  0/6        EV: 12    Int:  8    God:    Trog [***...]
Gold:   137        SH:  0    Dex:  9    Spells: 5/5 levels left

rFire   . . .        a - +0 mace
rCold   . . .        (no shield)
rNeg    + . .        s - +1 robe of Noon {Str+2}
rPois   ∞            (no helmet)
rElec   +            (no cloak)
rCorr   .            p - +0 pair of gloves
SInv    .            (no boots)
Will    .....        r - amulet of guardian spirit Stlth
                     (no ring)
HPRegen 0.29/turn    (no ring)
MPRegen 0.10/turn

%: guardian spirit
@: berserking, very quick
A: sickness immunity, AC +4, negative energy resistance 1, electricity
resistance, torment resistance 1, petrification resistance
a: Renounce Religion, Berserk, Trog's Hand


You were on level 4 of the Dungeon.
You worshipped Trog.
Trog was most pleased with you.
You visited 1 branch of the dungeon, and saw 4 of its levels.

You collected 137 gold pieces.

Inventory:

Hand Weapons
 a - a +0 mace (weapon)
 i - a +0 arbalest
Missiles
 v - 4 poisoned darts (quivered)
Armour
 l - a +0 leather armour
 p - a +0 pair of gloves (worn)
 s - the +1 robe of Noon (worn) {Str+2}
   (You found it on level 3 of the Dungeon)

   Str:       It affects your strength (+2).
Jewellery
 q - a ring of ice
 r - an amulet of guardian spirit (around neck)
Scrolls
 b - 2 scrolls of enchant weapon {unknown}
 c - 2 scrolls of brand weapon {unknown}
 e - a scroll of immolation {unknown}
 f - a scroll of noise {unknown}
 g - 2 scrolls of identify {unknown}
 h - 2 scrolls of vulnerability {unknown}
 j - 2 scrolls of teleportation {unknown}
 n - a scroll of silence {unknown}
 u - a scroll of magic mapping {unknown}
 w - a scroll of fog {unknown}
Potions
 d - a potion of curing {unknown}
 k - a potion of mutation {unknown}
 m - 2 potions of haste {unknown}
 o - 2 potions of heal wounds {unknown}
 t - a potion of brilliance {unknown}


   Skills:
 + Level 4.3 Fighting
 * Level 4.7 Maces & Flails
 * Level 4.5 Armour
 + Level 2.6 Dodging


You had 5 spell levels left.
You didn't know any spells.
Your spell library was empty.

Dungeon Overview and Level Annotations

Branches:
Dungeon (4/15)             Temple (0/1) D:4

Altars:
Dithmenos
Yredelemnul

Annotations:
D:3 2 transporters, Nonny's ghost, amateur MiCA
D:4 Edmund


Innate Abilities, Weirdness & Mutations

You are immune to sickness and miasma.
Your stone body is resilient. (AC +4)
You are immune to poison.
You resist negative energy. (rN+)
You are resistant to electric shocks. (rElec)
You are resistant to unholy torment.
You are immune to petrification.


Message History

Edmund is lightly wounded.
Edmund hits you with a +3 flail of protection.
You hit Edmund but do no damage.
Edmund is lightly wounded.
Edmund hits you with a +3 flail of protection.
You hit Edmund but do no damage.
Edmund is lightly wounded.
Edmund hits you with a +3 flail of protection.
You barely miss Edmund.
Edmund is lightly wounded.
Edmund barely misses you.
You hit Edmund but do no damage.
Edmund is lightly wounded.
Edmund misses you.
Edmund says, "People think my brother is the best.
I think he's crazy."
Edmund hits you with a +3 flail of protection!
A red film seems to cover your vision as you go berserk!
You feel yourself moving faster!
You feel mighty! Edmund misses you.
You hit Edmund but do no damage.
Edmund is lightly wounded.
You hit Edmund.
Edmund is moderately wounded.
Edmund hits you with a +3 flail of protection!
* * * LOW HITPOINT WARNING * * *
You hit Edmund.
Edmund is moderately wounded.
Edmund hits you with a +3 flail of protection!
* * * LOW HITPOINT WARNING * * *
You barely miss Edmund. You punch Edmund.
Edmund is moderately wounded.
Edmund barely misses you.
You hit Edmund.
Edmund is heavily wounded.
You sock Edmund!
Edmund is severely wounded.
Edmund closely misses you.
You closely miss Edmund.
Edmund is severely wounded.
Edmund hits you with a +3 flail of protection!
You die...

#.# ##.....##
#.# # #.#
##...### #.#
# #.# ##....#
#.##### #.#
#.....#
#...... #.#
##....#
####### #.#
###.## #.#
#.#
#.#########.#
#....@@...#.#
##
#########.#.#
#. #.# #.
#.#########)
#...........
############


You could see Edmund.

Vanquished Creatures
  A hound (D:3)
  An iguana (D:4)
  Natasha (thrice) (D:3)
  An adder (D:3)
  10 gnolls
  A worm (D:4)
  2 dart slugs
  5 orcs
  A ball python (D:1)
  8 bats
  7 endoplasms
  2 giant cockroaches (D:3)
  3 goblins
  7 hobgoblins
  10 jackals
  6 kobolds
  4 quokkas
  A frilled lizard (D:1)
  4 rats
77 creatures vanquished.

Notes
Turn   | Place    | Note
-------+----------+-------------------------------------------
     0 | D:1      | KittyFluff the Gargoyle Berserker began the quest for the
                  | Orb.
     0 | D:1      | Reached XP level 1. HP: 14/14 MP: 1/1
   255 | D:1      | Reached XP level 2. HP: 19/19 MP: 2/2
   854 | D:1      | Reached XP level 3. HP: 23/23 MP: 3/3
   985 | D:1      | Reached ** piety under Trog
  1696 | D:2      | Reached XP level 4. HP: 27/29 MP: 4/4
  2197 | D:3      | Found a basalt altar of Yredelemnul.
  2197 | D:3      | Found a shadowy altar of Dithmenos.
  2238 | D:3      | Identified the +1 robe of Noon {Str+2}
  2384 | D:3      | Reached XP level 5. HP: 31/33 MP: 5/5
  2436 | D:3      | Noticed Natasha
  2451 | D:3      | Killed Natasha
  2595 | D:3      | Noticed Natasha
  2620 | D:3      | Killed Natasha
  2621 | D:3      | Reached XP level 6. HP: 29/38 MP: 4/6
  2672 | D:3      | Found a transporter.
  2672 | D:3      | Noticed Natasha
  2694 | D:3      | Killed Natasha
  2694 | D:3      | Reached *** piety under Trog
  2874 | D:3      | Found a transporter.
  2875 | D:3      | Noticed Nonny's ghost (amateur MiCA)
  2876 | D:3      | Identified the +6 giant club of Aroanoit {freeze, Int+2}
  3176 | D:4      | Found a staircase to the Ecumenical Temple.
  3298 | D:4      | Noticed Edmund
  3316 | D:4      | Mangled by Edmund

Illustrated notes

Levels and vault maps discovered:
D:1:      minmay_arrival_stair_chambers, layout_basic, hangedman_decor_push
D:2:      layout_loops_ring
D:3:      layout_rooms, gammafunk_temple_overflow_statue, gammafunk_ghost_smash,
          hellmonk_guarded_unrand_hermit, uniq_natasha
D:4:      layout_loops_ring, temple_doors_e, item_on_display_b, uniq_edmund,
          uniq_blork_the_orc, uniq_crazy_yiuf_cottage, uniq_pikel

Skill      XL: |  1  2  3  4  5 |
---------------+----------------+-----
Armour         | 3 4 |  4.5
Dodging        | 2 |  2.6
Maces & Flails | 4 |  4.7
Fighting       | 4 |  4.3

Action                     |  1- 3 |  4- 6 || total
---------------------------+-------+-------++-------
  Melee: Mace              |   130 |   177 ||   307
         Punch             |       |     3 ||     3
 Invoke: Berserk           |       |     4 ||     4
   Stab: Sleeping          |     1 |       ||     1
 Armour: Animal skin       |    52 |       ||    52
         Leather armour    |     3 |    16 ||    19
         Robe              |       |    48 ||    48
  Dodge: Dodged            |   115 |   135 ||   250
